 Dungeon Crawl Stone Soup version 0.17.0-27-g4a3f43e (webtiles) character file.

360 HaroldButt the Poker (level 6, 0/44 HPs)
             Began as a Demonspawn Wanderer on Nov 20, 2015.
             Succumbed to a scorpion's poison
             ... on level 5 of the Dungeon on Nov 21, 2015.
             The game lasted 00:11:32 (3903 turns).

HaroldButt the Poker (Demonspawn Wanderer)          Turns: 3903, Time: 00:11:32

Health: 0/44       AC: 10    Str: 12    XL:     6   Next: 38%
Magic:  1/7        EV: 10    Int: 13    God:
Gold:   259        SH:  0    Dex: 15    Spells: 0 memorised, 5 levels left

rFire  . . .     SeeInvis +     c - +0 spear
rCold  . . .     Clarity  .     u - +0 ring mail
rNeg   . . .     SustAt   .     (no shield)
rPois  .         Gourm    .     x - +0 helmet
rElec  .         Spirit   +     (no cloak)
rCorr  .         Warding  .     (no gloves)
rMut   .         Stasis   .     y - +1 pair of boots
MR     .....                    (no amulet)
Stlth  ++........               (no ring)
                                h - ring of see invisible

@: lethally poisoned (0 -> -2), not resistant to hostile enchantments,
unstealthy
A: talons 2, yellow scales 1, magic shield, magic regeneration
a: no special abilities


You were on level 5 of the Dungeon.
You were not hungry.

You visited 1 branch of the dungeon, and saw 5 of its levels.

You collected 259 gold pieces.

Inventory:

Hand Weapons
 c - a +0 spear (weapon)
Missiles
 j - 129 stones
 q - a throwing net
 t - 2 tomahawks (quivered)
Armour
 a - a +0 leather armour
 i - a +2 pair of boots
 k - a +0 chain mail
 u - a +0 ring mail (worn)
 x - a +0 helmet (worn)
 y - a +1 pair of boots (worn)
Jewellery
 h - a ring of see invisible (left hand)
Wands
 b - a wand of digging (24)
Scrolls
 e - a scroll of noise
Potions
 g - a potion of agility
Comestibles
 f - 4 bread rations
 n - a royal jelly
 p - 2 meat rations
 v - 2 slices of pizza


   Skills:
 - Level 2.0 Fighting
 + Level 5.6 Polearms
   Level 1.0 Crossbows
 - Level 1.0 Throwing
 - Level 1.0 Armour
 - Level 1.0 Dodging
 - Level 2.6 Stealth
 - Level 2.1 Evocations


You had 5 spell levels left.
You didn't know any spells.

Dungeon Overview and Level Annotations

Branches:
Dungeon (5/15)
 Temple: D:4-7

Altars:
Makhleb
The Shining One

Annotations:
D:4 1 runed door, Menkaure, Sigmund
D:5 Gravenous's ghost, novice HuMo


Innate Abilities, Weirdness & Mutations

You have razor-sharp toenails.
You are partially covered in yellow scales (AC +2).
When hurt, damage is shared between your health and your magic reserves.
You regenerate magic rapidly.


Message History

You feel sick.
Found a leather armour.
Gravenous's ghost turns its malevolent gaze towards you.
There is a stone staircase leading up, spattered with blood here.
* * * LOW HITPOINT WARNING * * *
You feel sick.
* * * LOW HITPOINT WARNING * * *
You feel sick.
A water moccasin and a centaur come into view.
* * * LOW HITPOINT WARNING * * *
You feel sick.
* * * LOW HITPOINT WARNING * * *
You feel sick.
The centaur wields a shortbow.
The centaur shoots a poisoned arrow.
The poisoned arrow barely misses you. The water moccasin barely misses you.
* * * LOW HITPOINT WARNING * * *
You feel sick. The water moccasin barely misses you.
The water moccasin bites you. The water moccasin barely misses you.
You die...

#......#
#......#
#......#
###.....#
#.......#
#.......#
#.......#####
#.......cS..#
#..(....###@#
#.......#.....#
#.......#.#.###
#.......#W...
#....<..###..
#####†....#..#
#...#.....
###.#.#... .# #
..


You could see a water moccasin, a centaur and Gravenous's ghost.

Vanquished Creatures
  A scorpion (D:5)
  2 orc wizards (D:4)
  Jessica (D:2)
  A giant frog skeleton (D:4)
  A human skeleton (D:4)
  3 worker ants (D:4)
  Robin (D:2)
  2 adders
  An ooze (D:2)
  2 worms
  A giant gecko (D:2)
  3 orcs
  A ball python (D:3)
  3 giant cockroaches (D:2)
  14 goblins
  13 hobgoblins
  9 kobolds
  A quokka (D:3)
  5 bats
  A giant gecko skeleton (D:4)
  5 giant newts
  4 jackals (D:2)
  A jackal zombie (D:4)
  A quokka skeleton (D:4)
  7 rats
84 creatures vanquished.

Notes
Turn   | Place    | Note
--------------------------------------------------------------
     0 | D:1      | HaroldButt the Demonspawn Wanderer began the quest for the Orb.
     0 | D:1      | HaroldButt set off with: a +0 leather armour, 2 throwing nets, a +0 spear, a potion of curing, a +0 dagger, a bread ration
     0 | D:1      | Reached XP level 1. HP: 16/16 MP: 1/1
   445 | D:1      | Gained mutation: When hurt, damage is shared between your health and your magic reserves. [demonic ancestry]
   445 | D:1      | Reached XP level 2. HP: 20/22 MP: 2/2
  1424 | D:2      | Noticed Jessica
  1451 | D:2      | Killed Jessica
  1451 | D:2      | Reached skill level 3 in Polearms
  1451 | D:2      | Gained mutation: You have sharp toenails. [demonic ancestry]
  1451 | D:2      | Reached XP level 3. HP: 12/27 MP: 1/3
  1460 | D:2      | Found a glowing golden altar of the Shining One.
  1876 | D:2      | Gained mutation: You regenerate magic rapidly. [demonic ancestry]
  1876 | D:2      | Reached XP level 4. HP: 29/33 MP: 4/4
  2136 | D:2      | Noticed Robin
  2207 | D:2      | Killed Robin
  2207 | D:2      | Reached skill level 1 in Evocations
  2346 | D:2      | Upgraded the game from 0.17.0-26-gececa24 to 0.17.0-27-g4a3f43e
  2664 | D:3      | Reached skill level 4 in Polearms
  2997 | D:3      | Found a burning altar of Makhleb.
  3170 | D:4      | Noticed Menkaure
  3171 | D:4      | Found a runed door.
  3171 | D:4      | Noticed a human
  3180 | D:4      | Noticed an ogre
  3184 | D:4      | Noticed Sigmund
  3443 | D:4      | Gained mutation: You have razor-sharp toenails. [demonic ancestry]
  3443 | D:4      | Reached XP level 5. HP: 11/38 MP: 2/6
  3598 | D:4      | Reached skill level 5 in Polearms
  3794 | D:4      | Gained mutation: You are partially covered in yellow scales (AC +2). [demonic ancestry]
  3794 | D:4      | Reached XP level 6. HP: 17/44 MP: 7/7
  3872 | D:5      | Entered Level 5 of the Dungeon
  3889 | D:5      | Noticed Gravenous's ghost (novice HuMo)
  3895 | D:5      | Noticed a water moccasin
  3895 | D:5      | HP: 2/44 [poisoned by a scorpion]
  3900 | D:5      | HP: 1/44 [poisoned by a scorpion]
  3903 | D:5      | Succumbed to a scorpion's poison

Action                   |  1- 3 |  4- 6 || total
-------------------------+-------+-------++-------
Melee: Spear             |   150 |   357 ||   507
Throw: Stone             |     4 |     2 ||     6
       Throwing net      |     2 |     1 ||     3
  Use: Potion            |       |     6 ||     6
       Scroll            |       |     9 ||     9
 Stab: Sleeping          |     5 |     2 ||     7
       Held in net/web   |     1 |       ||     1
  Eat: Chunk             |     3 |     7 ||    10
